 Dungeon Crawl Stone Soup version 0.28-a0-1429-gf3d713df7a (webtiles) character file.

Game seed: 5681402163183191475

928 enile the Skirmisher (level 7, -7/64 HPs)
             Began as a Minotaur Wanderer on Jan 8, 2022.
             Was a High Priest of Ignis.
             Succumbed to a kobold brigand's curare-tipped dart
             ... on level 5 of the Dungeon.
             The game lasted 00:07:44 (4912 turns).

enile the Skirmisher (Minotaur Wanderer)            Turns: 4912, Time: 00:07:44

Health: -7/64      AC: 10    Str: 18    XL:     7   Next: 85%
Magic:  6/6        EV:  7    Int:  7    God:    Ignis [*****.]
Gold:   289        SH:  0    Dex: 12    Spells: 6/6 levels left

rFire   + . .      SeeInvis .   h - +2 trident (distort)
rCold   . . .      Faith    .   (no shield)
rNeg    . . .      Spirit   .   e - +0 chain mail
rPois   .          Reflect  .   (helmet restricted)
rElec   .          Harm     .   (no cloak)
rCorr   .          Rampage  .   (no gloves)
Will    .....                   (no boots)
Stlth   ..........              (no amulet)
HPRegen 0.20/turn               (no ring)
MPRegen 0.10/turn               (no ring)

@: lethally poisoned (-7 -> -55), slowed, very slow
A: horns 2, retaliatory headbutt
a: Renounce Religion, Fiery Armour, Foxfire Swarm


You were on level 5 of the Dungeon.
You worshipped Ignis.
Ignis was extremely pleased with you.
You visited 1 branch of the dungeon, and saw 6 of its levels.

You collected 289 gold pieces.

Inventory:

Hand Weapons
 a - a +2 spear
 b - a +0 mace
 h - a +2 trident of distortion (weapon)
 s - a +0 whip of venom
 u - a +0 vampiric war axe
Missiles
 t - 193 stones
 x - 2 javelins
 C - 21 poisoned darts (quivered)
Armour
 d - a +0 leather armour
 e - a +0 chain mail (worn)
 w - a +2 leather armour of positive energy
Wands
 c - a wand of polymorph (15)
 v - a wand of charming (2)
 B - a wand of flame (19)
Scrolls
 j - a scroll of blinking
 n - a scroll of enchant armour
 q - 3 scrolls of immolation {unknown}
 r - a scroll of noise
 y - a scroll of fog {unknown}
 z - a scroll of silence
Potions
 f - 3 potions of degeneration {unknown}
 g - a potion of resistance
 i - a potion of ambrosia {unknown}
 k - a potion of cancellation {unknown}
 l - 2 potions of haste {unknown}
 m - a potion of heal wounds {unknown}
 o - a potion of mutation {unknown}
 p - a potion of attraction {unknown}
 A - a potion of curing {unknown}


   Skills:
 + Level 6.4 Fighting
 - Level 1.2 Maces & Flails
 - Level 5.0 Polearms
 - Level 4.0 Throwing
 - Level 6.0 Armour
 - Level 1.5 Stealth
 - Level 2.6 Evocations


You had 6 spell levels left.
You didn't know any spells.
Your spell library contained the following spells:

 Spells                   Type           Power      Damage    Failure   Level
 Shock                    Conj/Air       0%         1d3       99%         1
 Ensorcelled Hibernation  Hex/Ice        0%         N/A       100%        2
 Swiftness                Air            0%         N/A       100%        3
 Tukima's Dance           Hex            0%         N/A       100%        3
 Airstrike                Air            0%         N/A       100%        4
 Enfeeble                 Hex            0%         N/A       100%        7


Dungeon Overview and Level Annotations

Branches:
Dungeon (6/15)
 Temple: D:4-7

Altars:
Elyvilon
Qazlal
Ignis

Shops:
D:3 [


Innate Abilities, Weirdness & Mutations

You have a pair of horns on your head.
You reflexively headbutt those who attack you in melee.


Message History

Space warps around the kobold brigand.
The kobold brigand is severely wounded.
You feel very sick.
The kobold throws a stone.
The stone hits you but does no damage.
The kobold brigand throws a curare-tipped dart.
The curare-tipped dart hits you.
You are more poisoned.
You have difficulty breathing.
You feel as though you will be slow longer.
Throw: 22 darts (poison)
Press: ? - help, Q - select action, (/) - cycle Shift-Dir - straight line, f/p - kobold brigand
Aim: a kobold brigand, wielding a +0 club and quivering curare-tipped darts (severely wounded, 56% to hit)
You throw a poisoned dart.
The poisoned dart barely misses the kobold brigand.
You hear a splash.
You feel very sick.
The kobold brigand throws a curare-tipped dart.
The curare-tipped dart hits you.
You are more poisoned.
You have difficulty breathing.
You feel as though you will be slow longer.
The kobold barely misses you.
Okay, then.
You begin to rise into the air.
You feel extremely sick.
The kobold brigand throws a curare-tipped dart.
The curare-tipped dart hits you.
You are lethally poisoned!
You have difficulty breathing.
You feel as though you will be slow longer.
The kobold barely misses you.
The kobold brigand throws a curare-tipped dart.
The curare-tipped dart hits you.
You are more poisoned.
You have difficulty breathing.
* * * LOW HITPOINT WARNING * * *
You feel as though you will be slow longer.
Okay, then.
With a burst of heat and light, you rocket upward!
You die...

#....................###........#
#..(#..........###..####.......#.
........##.....# ##...##.........
......####.....###........####...
#.....# ##..#......####..## ###.
##....###..####...## #..# ##
#....##..## ##..# ##.# #
#........## ##..# ##.## #
##.........####.@.# #...### ##
..###.............## ##.#...####.
### #.#......#.....###.#####.....
.####.##...####....##..# ##..#.
...#.###...# #...<..#..######.##.
......###### ##########...##..###
.......# ##.....#### .......# ♣♣♣
####..###. .......♣♣ ♣♣♣.♣♣♣
♣♣####..##.


There were no monsters in sight!

Vanquished Creatures
  A water moccasin (D:5)
  An orc warrior (D:4)
  A scorpion (D:5)
  A howler monkey (D:5)
  A centaur zombie (D:6)
  4 hounds
  An orc priest (D:4)
  A bullfrog skeleton (D:6)
  Terence (D:2)
  3 iguanas
  An orc wizard (D:4)
  Ijyb (D:4)
  A scorpion zombie (D:5)
  A hound zombie (D:5)
  5 adders
  A worm (D:2)
  10 orcs
  12 ball pythons
  2 bats (D:1)
  7 endoplasms
  4 giant cockroaches
  8 goblins
  4 hobgoblins
  11 jackals
  9 kobolds
  3 quokkas
  4 frilled lizards
  5 rats
104 creatures vanquished.

Notes
Turn   | Place    | Note
-------+----------+-------------------------------------------
     0 | D:1      | enile the Minotaur Wanderer began the quest for the Orb.
     0 | D:1      | enile set off with the following items: a +2 spear, a +0
                  | mace, a wand of polymorph (6), a +0 leather armour
     0 | D:1      | Reached XP level 1. HP: 14/14 MP: 0/0
   107 | D:1      | Reached skill level 1 in Fighting
   228 | D:1      | Found a faded altar of an unknown god.
   236 | D:1      | Prayed at the altar of an unknown god.
   236 | D:1      | Became a worshipper of Ignis, the Dying Flame
   336 | D:1      | Reached XP level 2. HP: 21/24 MP: 1/1
   763 | D:1      | Reached XP level 3. HP: 12/31 MP: 2/2
  1122 | D:2      | Noticed Terence
  1131 | D:2      | Killed Terence
  1252 | D:2      | Reached XP level 4. HP: 40/40 MP: 3/3
  1267 | D:2      | Reached skill level 1 in Armour
  2261 | D:3      | Reached XP level 5. HP: 44/47 MP: 4/4
  2475 | D:3      | Found Girearchid's Antique Armour Shoppe.
  2950 | D:4      | Reached skill level 5 in Fighting
  2954 | D:4      | Noticed an orc warrior
  2957 | D:4      | Killed an orc warrior
  2958 | D:4      | Reached XP level 6. HP: 52/57 MP: 5/5
  3049 | D:4      | Reached skill level 5 in Polearms
  3080 | D:4      | Noticed Ijyb
  3098 | D:4      | Killed Ijyb
  3129 | D:4      | Found a stormy altar of Qazlal.
  3132 | D:4      | Noticed an air elemental
  3132 | D:4      | Noticed a water elemental
  3132 | D:4      | Noticed a fire elemental
  3526 | D:5      | Entered Level 5 of the Dungeon
  3547 | D:5      | Reached skill level 5 in Armour
  3547 | D:5      | Reached XP level 7. HP: 63/63 MP: 6/6
  3685 | D:5      | Found a white marble altar of Elyvilon.
  4729 | D:6      | Identified the +2 short sword of Radicalism {freeze, rF++
                  | rC+++ Dex-2 SInv}
  4912 | D:5      | Succumbed to a kobold brigand's curare-tipped dart

Illustrated notes

Levels and vault maps discovered:
D:1:      onia_arrival_pyramid, layout_basic,
          shapermc_ecumenical_altar_starsandcircs
D:2:      layout_loops_ring, minmay_fountain_box, minmay_worlds_worst_comb,
          uniq_terence
D:3:      layout_basic, serial_shops, shop
D:4:      layout_rooms, nicolae_qazlal_style_of_elements,
          guppyfry_early_orc_mine, uniq_ijyb
D:5:      layout_layer_cave, elyvilon_altar_3
D:6:      layout_basic, nzn_wu_jian_contemplation, minmay_temple_entry_hall,
          kennysheep_cluttered_room, grunt_ministairs_15, kennysheep_minor_cross

Skill      XL: |  1  2  3  4  5  6  7 |
---------------+----------------------+-----
Fighting       | 2 3 4 6 |  6.4
Polearms       | 4 5 |  5.0
Armour         | 3 5 6 |  6.0
Throwing       | 4 |  4.0
Maces & Flails | |  1.2
Stealth        | |  1.5
Evocations     | |  2.6

Action                   |  1- 3 |  4- 6 |  7- 9 || total
-------------------------+-------+-------+-------++-------
Melee: Spear             |    11 |       |       ||    11
       Trident           |    62 |   126 |    62 ||   250
       Headbutt          |     3 |    12 |    10 ||    25
       Unarmed           |     2 |       |       ||     2
       Punch             |       |       |     2 ||     2
Throw: Javelin           |       |     1 |     2 ||     3
       Dart              |       |       |     4 ||     4
Invok: Rising Flame      |       |       |     1 ||     1
  Use: Scroll            |       |     5 |     3 ||     8
Armor: Chain mail        |    63 |    34 |    30 ||   127
Dodge: Dodged            |    30 |    27 |    15 ||    72

Table legend: (Time is in decaauts)
 A = Elapsed time spent in this place.
 B = Non-inter-level travel time spent in this place.
 C = Inter-level travel time spent in this place.
 D = Time resting spent in this place.
 E = Time spent auto-exploring this place.
 F = Levels seen in this place.
 G = Mean time per level.
                   A        B        C        D        E       F      G
               +--------+--------+--------+--------+--------+-----+--------+
         Total |   4934 |   4756 |    178 |    317 |   3710 |   6 |  822.3 |
       Dungeon |   4934 |   4756 |    178 |    317 |   3710 |   6 |  822.3 |
               +--------+--------+--------+--------+--------+-----+--------+

Top non-repeatable levels by time:
     D:5: 1195 daAuts
     D:3: 1096 daAuts
     D:1: 1083 daAuts
     D:2: 763 daAuts
     D:4: 599 daAuts
     D:6: 196 daAuts
